 Seeded DCSS version 0.29-a0-23-ga79f92ac9c (webtiles) character file.

Game seed: 10000000000011 (custom seed)

457 knot the Chopper (level 6, -6/47 HPs)
             Began as a Demonspawn Berserker on Jan 31, 2022.
             Was a Follower of Trog.
             Mangled by Harold (14 damage)
             ... on level 8 of the Dungeon.
             The game lasted 00:04:40 (4933 turns).

knot the Chopper (Demonspawn Berserker)             Turns: 4933, Time: 00:04:41

Health: -6/47      AC:  2    Str: 17    XL:     6   Next: 77%
Magic:  6/6        EV:  6    Int: 11    God:    Trog [*.....]
Gold:   219        SH:  0    Dex: 12    Spells: 5/5 levels left

rFire   . . .      SeeInvis .   a - +0 hand axe
rCold   . . .      Faith    .   (no shield)
rNeg    . . .      Spirit   .   b - +0 animal skin
rPois   .          Reflect  .   (no helmet)
rElec   .          Harm     .   (no cloak)
rCorr   .          Rampage  .   (no gloves)
Will    .....                   (no boots)
Stlth   +.........              (no amulet)
HPRegen 0.15/turn               (no ring)
MPRegen 0.20/turn               (no ring)

@: held
A: magic regeneration, demonic touch 2
a: Renounce Religion, Berserk


You were on level 8 of the Dungeon.
You worshipped Trog.
Trog was aware of your devotion.
You visited 2 branches of the dungeon, and saw 7 of its levels.

You collected 219 gold pieces.

Inventory:

Hand Weapons
 a - a +0 hand axe (weapon)
 s - a +0 hunting sling of freezing
Missiles
 f - 103 stones
 l - a poisoned dart (quivered)
 p - 4 boomerangs
Armour
 b - a +0 animal skin (worn)
 r - a +2 robe of fire resistance
Jewellery
 d - an amulet of reflection
 u - a ring of willpower
Wands
 o - a wand of polymorph (4)
 q - a wand of flame (27)
Scrolls
 c - a scroll of amnesia {unknown}
 h - 2 scrolls of identify {unknown}
 m - 3 scrolls of blinking {unknown}
 n - a scroll of fog {unknown}
Potions
 e - 2 potions of curing {unknown}
 g - a potion of lignification {unknown}
 i - a potion of heal wounds {unknown}
 j - a potion of might {unknown}
 k - a potion of magic {unknown}
 t - a potion of attraction {unknown}


   Skills:
 - Level 3.0 Fighting
 * Level 6.7 Axes
 * Level 1.9 Throwing
 - Level 1.7 Armour
 - Level 1.7 Dodging


You had 5 spell levels left.
You didn't know any spells.
Your spell library contained the following spells:

 Spells                   Type           Power      Damage    Failure   Level
 Corpse Rot               Necr/Air       0%         N/A       47%         2
 Ensorcelled Hibernation  Hex/Ice        0%         N/A       47%         2
 Passwall                 Tmut/Erth      0%         N/A       47%         2
 Poisonous Vapours        Pois/Air       0%         N/A       47%         2
 Swiftness                Air            0%         N/A       71%         3


Dungeon Overview and Level Annotations

Branches:
Dungeon (5/15)             Temple (1/1) D:4

Altars:
Qazlal

Shops:
D:3 [

Annotations:
D:8 Harold


Innate Abilities, Weirdness & Mutations

You regenerate magic rapidly.
Your touch may inflict irresistible damage on your foes.


Message History

The orc priest shouts!
The stone hits the orc priest but does no damage.
An orc comes into view. It is wielding a +0 club.
The orc priest invokes the aid of Beogh against you.
Beogh smites you!
Fire: 104 stones
Press: ? - help, Q - select action, (/) - cycle Shift-Dir - straight line, f/p - orc priest
Aim: an orc priest, wielding a +1 flail of protection and wearing a +0 chain mail (65% to hit)
You shoot a stone. The orc shouts!
The stone hits the orc warrior but does no damage.
Your +0 hunting sling of freezing stops glowing.
a - a +0 hand axe (weapon)
Throw: 2 darts (poison)
Press: ? - help, Q - select action, (/) - cycle Shift-Dir - straight line, f/p - orc priest
Aim: an orc priest, wielding a +1 flail of protection and wearing a +0 chain mail (65% to hit)
You throw a poisoned dart.
The poisoned dart completely misses the orc warrior.
The poisoned dart hits the orc priest.
The orc priest is poisoned.
A jelly comes into view.
The jelly quivers.
Found a stone staircase leading up.
The orc priest miscasts a cantrip.
The jelly hits you but does no damage.
Found the +3 hat of Pondering {ponderous, Will+ MP+10 Int+5}.
You see here the +3 hat of Pondering {ponderous, Will+ MP+10 Int+5}.
Harold the Weathered comes into view.
He is wielding a +0 short sword.
Harold shouts!
Harold throws a throwing net.
The throwing net misses you.
Harold throws a throwing net.
The throwing net hits you.
You become entangled in the net!
There is a stone staircase leading up here.
You see here a throwing net.
You struggle against the net.
The jelly hits you.
You are splashed with acid!
You struggle against the net.
Harold hits you with a +0 short sword!!
* * * LOW HITPOINT WARNING * * *
The jelly hits you but does no damage.
Unknown command.
You struggle against the net.
Harold hits you with a +0 short sword!
You die...

.........##.##...#........#
# .........##
###.##.......#######
.........#
#.................
.........#
###.......#######
#.......## #..>....# ####.
.......## #.o.....# #....
###...## #[##.######.##.
####
#.#######.##......o.##.
#....@@Joo.o......o....
#########.###.########. #.#
#.. #. #.# #.## #. ### ###
## # # . #


You could see Harold, an orc warrior, a jelly, an orc priest and an orc.

Vanquished Creatures
  An ogre (D:3)
  A centaur (D:8)
  A scorpion (D:4)
  An orc priest (D:4)
  A centaur skeleton (D:4)
  Ijyb (D:4)
  A scorpion zombie (D:5)
  5 adders
  A river rat (D:4)
  2 orcs (D:4)
  6 endoplasms
  2 giant cockroaches
  5 goblins
  5 hobgoblins
  14 jackals
  A quokka (D:4)
  4 ball pythons
  7 bats
  6 frilled lizards
  3 kobolds
  5 rats
73 creatures vanquished.

Notes
Turn   | Place    | Note
-------+----------+-------------------------------------------
     0 | D:1      | knot the Demonspawn Berserker began the quest for the Orb.
     0 | D:1      | Reached XP level 1. HP: 18/18 MP: 1/1
   106 | D:1      | Reached skill level 3 in Axes
   325 | D:1      | Gained mutation: You regenerate magic rapidly. [demonic
                  | ancestry]
   325 | D:1      | Reached XP level 2. HP: 13/24 MP: 2/2
  1630 | D:2      | Reached skill level 4 in Axes
  1630 | D:2      | Gained mutation: Your touch may inflict minor irresistible
                  | damage on your foes. [demonic ancestry]
  1630 | D:2      | Reached XP level 3. HP: 29/29 MP: 3/3
  2347 | D:2      | Reached XP level 4. HP: 35/35 MP: 4/4
  2688 | D:3      | Noticed an ogre
  2697 | D:3      | Killed an ogre
  2698 | D:3      | Reached skill level 5 in Axes
  2698 | D:3      | Reached XP level 5. HP: 41/41 MP: 5/5
  2752 | D:3      | Found Daocsar's Antique Armour Emporium.
  3400 | D:4      | Found a staircase to the Ecumenical Temple.
  3422 | D:4      | Noticed Duvessa
  3423 | D:4      | Noticed Dowan
  3426 | D:4      | Noticed Duvessa
  3426 | D:4      | Duvessa changed into Duvessa the river rat
  3427 | D:4      | Noticed Dowan
  3427 | D:4      | Dowan changed into Dowan the frilled lizard
  3437 | D:4      | Killed Duvessa the river rat
  3438 | D:4      | Killed Dowan the frilled lizard
  3440 | D:4      | Reached skill level 6 in Axes
  3449 | Temple   | Entered the Ecumenical Temple
  3891 | D:4      | Noticed Ijyb
  3920 | D:4      | Killed Ijyb
  3925 | D:4      | Gained mutation: Your touch may inflict irresistible damage
                  | on your foes. [demonic ancestry]
  3925 | D:4      | Reached XP level 6. HP: 16/47 MP: 6/6
  4247 | D:4      | Reached skill level 1 in Throwing
  4543 | D:5      | Entered Level 5 of the Dungeon
  4646 | D:5      | You fall into a shaft and drop 3 floors!
  4907 | D:8      | Noticed an orc warrior
  4924 | D:8      | Found the +3 hat of Pondering {ponderous, Will+ MP+10
                  | Int+5}
  4927 | D:8      | Noticed Harold
  4933 | D:8      | Mangled by Harold

Illustrated notes

Levels and vault maps discovered:
D:1:      lordsloth_arrival_two_stooges, layout_basic, grunt_decor_fettered,
          minmay_misc_feat_diagonals, nicolae_concentric_dashed_squares_wild
D:2:      layout_rooms, hangedman_decor_clover_reticule
D:3:      layout_basic, serial_shops, shop, kennysheep_path_1
D:4:      layout_rooms, temple_doors_e, uniq_duvessa, uniq_ijyb
D:5:      layout_loops_cross, nicolae_uskayaw_suspiria, item_on_display_a
D:8:      layout_loops_ring, ebering_ghost_disaster_area,
          nicolae_shop_self_help, uniq_harold, uniq_erica, uniq_prince_ribbit1
Temple:   dshaligram_water_room_temple

Skill      XL: |  1  2  3  4  5  6 |
---------------+-------------------+-----
Axes           | 3 4 5 6 |  6.7
Throwing       | 1 |  1.9
Fighting       | |  3.0
Armour         | |  1.7
Dodging        | |  1.7

Action                   |  1- 3 |  4- 6 || total
-------------------------+-------+-------++-------
Melee: Hand axe          |    88 |    97 ||   185
       Touch             |     3 |    24 ||    27
 Fire: Hunting sling     |       |     3 ||     3
Throw: Stone             |     1 |       ||     1
       Dart              |       |     3 ||     3
       Boomerang         |       |     2 ||     2
Invok: Berserk           |     5 |     6 ||    11
Evoke: Wand              |       |     4 ||     4
 Stab: Sleeping          |       |     1 ||     1
Armor: Animal skin       |    17 |    17 ||    34
Dodge: Dodged            |    63 |    75 ||   138

Table legend: (Time is in decaauts)
 A = Elapsed time spent in this place.
 B = Non-inter-level travel time spent in this place.
 C = Inter-level travel time spent in this place.
 D = Time resting spent in this place.
 E = Time spent auto-exploring this place.
 F = Levels seen in this place.
 G = Mean time per level.
                   A        B        C        D        E       F      G
               +--------+--------+--------+--------+--------+-----+--------+
         Total |   5060 |   4997 |     63 |   2042 |   2434 |   7 |  722.9 |
       Dungeon |   4616 |   4553 |     63 |   1601 |   2434 |   6 |  769.3 |
        Temple |    443 |    443 |      0 |    441 |      0 |   1 |  443.0 |
               +--------+--------+--------+--------+--------+-----+--------+

Top non-repeatable levels by time:
     D:1: 1662 daAuts
     D:2: 959 daAuts
     D:4: 946 daAuts
     D:3: 649 daAuts
  Temple: 443 daAuts
     D:8: 295 daAuts
     D:5: 102 daAuts
